 Dungeon Crawl Stone Soup version 0.22-a0-480-g991dd4b (webtiles) character file.

30 Synzy the Skirmisher (level 3, -1/43 HPs)
             Began as a Human Berserker on June 15, 2018.
             Was a Believer of Trog.
             Slain by a black bear (6 damage)
             ... on level 3 of the Dungeon.
             The game lasted 00:16:36 (964 turns).

Synzy the Skirmisher (Human Berserker)               Turns: 964, Time: 00:16:37

Health: -1/43      AC:  7    Str: 23    XL:     3   Next: 37%
Magic:  3/3        EV: 11    Int:  7    God:    Trog [**....]
Gold:   82         SH:  0    Dex: 12    Spells: 2/2 levels left

rFire    . . .     SeeInvis .   g - -1 hunting sling (curse)
rCold    . . .     Gourm    .   (no shield)
rNeg     . . .     Faith    .   e - +1 ring mail
rPois    .         Spirit   .   (no helmet)
rElec    .         Reflect  .   (no cloak)
rCorr    .         Harm     .   i - +0 pair of gloves (curse)
MR       .....                  (no boots)
Stlth    ..........             (no amulet)
HPRegen  0.14/turn              (no ring)
MPRegen  0.08/turn              (no ring)

@: berserking, very quick
A: no striking features
a: Berserk, Trog's Hand, Renounce Religion


You were on level 3 of the Dungeon.
You worshipped Trog.
Trog was pleased with you.
You were very hungry.

You visited 1 branch of the dungeon, and saw 3 of its levels.

You collected 82 gold pieces.

Inventory:

Hand Weapons
 g - a cursed -1 hunting sling (weapon)
Missiles
 d - 13 sling bullets (quivered)
Armour
 a - a +0 animal skin
 e - a +1 ring mail (worn)
 i - a cursed +0 pair of gloves (worn)
Scrolls
 c - a scroll of fear
 j - a scroll of identify
Potions
 f - a potion of brilliance
Comestibles
 b - 3 rations


   Skills:
 + Level 3.5 Fighting
   Level 0.1 Maces & Flails
 + Level 2.5 Armour
 + Level 2.0 Dodging
 + Level 3.3 Unarmed Combat


You had 2 spell levels left.
You didn't know any spells.
Your spell library was empty.

Dungeon Overview and Level Annotations

Branches:
Dungeon (3/15)

Altars:
Kikubaaqudgha
Ru


Message History

The black bear claws you but does no damage.
The black bear claws you.
* * * LOW HITPOINT WARNING * * *
Do you really want to go berserk while wielding your cursed -1 hunting sling?
A red film seems to cover your vision as you go berserk!
You feel yourself moving faster!
You feel mighty!
You are feeling very hungry.
The bat barely misses you. The bat hits you but does no damage.
The frilled lizard barely misses you. The black bear barely misses you.
The black bear closely misses you.
The black bear claws you but does no damage.
You miss the frilled lizard. The bat hits you but does no damage.
The bat hits the plant but does no damage.
The frilled lizard bites you but does no damage.
The black bear bites you but does no damage.
The black bear misses you. The black bear barely misses you.
The goblin hits the plant with a club.
The bat hits you but does no damage.
You closely miss the bat. The bat barely misses you.
The frilled lizard closely misses you. The black bear bites you.
You die... ≈♣# .(.....# ≈P♣ .......
P≈♣......
P≈♣.... .#. ≈≈... _.
Pgr

#.# ≈♣ #b# ..##
≈≈≈♣♣##@###....
≈≈≈≈.>hl...### ≈P≈≈
♣♣........(#.# ≈♣P
♣(.((.....†..# ≈≈♣
..(.!......#.#
#..###.(.........#.#
#.#....#############.#
#.#....#######.......#
#.#..><...........####


You could see a black bear, a goblin, a bat, a frilled lizard and a rat.

Vanquished Creatures
  A worm (D:3)
  3 leopard geckos
  An orc (D:3)
  A bat zombie (D:3)
  A giant cockroach (D:1)
  4 hobgoblins
  2 kobolds
  5 frilled lizards
  2 goblins (D:1)
  2 rats
  2 rat zombies (D:3)
24 creatures vanquished.

Notes
Turn   | Place    | Note
-------+----------+-------------------------------------------
     0 | D:1      | Synzy the Human Berserker began the quest for the Orb.
     0 | D:1      | Reached XP level 1. HP: 18/18 MP: 1/1
   131 | D:1      | Reached XP level 2. HP: 21/24 MP: 2/2
   682 | D:3      | Reached XP level 3. HP: 28/29 MP: 3/3
   704 | D:3      | Found an ancient bone altar of Kikubaaqudgha.
   944 | D:3      | Reached ** piety under Trog
   945 | D:3      | Found a sacrificial altar of Ru.
   949 | D:3      | Noticed a black bear
   964 | D:3      | Slain by a black bear

Vault maps used:
D:1:      scummos_arrival_gate
D:2:      grunt_temple_overflow_open, first_ration
D:3:      lemuel_zombie_altar_kikubaaqudgha, lemuel_crystal_altar,
          serial_bayou_lake_a

Action                   || total
-------------------------++-------
Melee: Unarmed           ||    59
       Club              ||    57
       Punch             ||     3
       Hunting sling     ||    11
 Fire: Hunting sling     ||    13
Invok: Berserk           ||     1
  Use: Scroll            ||     7
       Potion            ||     3
Armor: Animal skin       ||     1
       Ring mail         ||    69
Dodge: Dodged            ||   103

Table legend:
 A = Spawn XP
 B = Non-spawn XP
 C = Spawn XP percentage of total XP
 D = Spawn monster count
 E = Non-spawn monster count
 F = Spawn count percentage of total count
 G = Total turns spent on level
                    A         B        C        D         E        F      G
               +---------+---------+-------+---------+---------+-------+---------
         Total |       0 |      44 |   0.0 |       0 |      24 |   0.0 |   964
               +---------+---------+-------+---------+---------+-------+---------
           D:1 |       0 |      19 |   0.0 |       0 |      12 |   0.0 |   394
           D:2 |       0 |       4 |   0.0 |       0 |       2 |   0.0 |   225
           D:3 |       0 |      21 |   0.0 |       0 |      10 |   0.0 |   345
               +---------+---------+-------+---------+---------+-------+---------
